 Dungeon Crawl Stone Soup version 0.25-a0-589-g1e14c54 (webtiles) character file.

Game seed: 1233322329333545580, levelgen mode: deterministic

11696 Faca the Impaler (level 11, -10/99 HPs)
             Began as a Merfolk Gladiator on Mar 10, 2020.
             Was a High Priest of Okawaru.
             Mangled by a reaper
             ... wielding a +2 scythe of freezing
              (14 damage)
             ... in an ice cave.
             The game lasted 00:35:59 (13751 turns).

Faca the Impaler (Merfolk Gladiator)               Turns: 13751, Time: 00:36:00

Health: -10/99     AC: 12    Str: 18    XL:     11   Next: 81%
Magic:  10/11      EV: 13    Int:  7    God:    Okawaru [*****.]
Gold:   643        SH:  4    Dex: 16    Spells: 10/10 levels left

rFire    . . .     SeeInvis .   w - +2 trident (vorpal)
rCold    + + .     Gourm    .   i - +0 buckler
rNeg     + . .     Faith    .   a - +3 ring mail "Guvvuifo" {rC+ rN+ Slay+2 Stlth+}
rPois    .         Spirit   .   c - +1 helmet
rElec    .         Reflect  .   y - +0 cloak
rCorr    +         Harm     .   (no gloves)
MR       .....                  t - +0 pair of boots
Stlth    ++........             (no amulet)
HPRegen  0.26/turn              x - ring of resist corrosion
MPRegen  0.12/turn              p - ring of protection from cold

@: mighty
A: change form in water, swift swim, stealthy swim
a: Heroism, Finesse, Renounce Religion


You were in an ice cave.
You worshipped Okawaru.
Okawaru was extremely pleased with you.
You were not hungry.

You visited 2 branches of the dungeon, and saw 12 of its levels.
You also visited: Ossuary and Ice Cave.

You collected 643 gold pieces.

Inventory:

Hand Weapons
 w - a +2 vorpal trident (weapon)
Missiles
 d - 3 throwing nets
 l - a boomerang of dispersal
 n - 2 silver boomerangs (quivered)
 u - 2 silver javelins
Armour
 a - the +3 ring mail "Guvvuifo" (worn) {rC+ rN+ Slay+2 Stlth+}
   (You found it on level 8 of the Dungeon)

   It affects your accuracy and damage with ranged weapons and melee attacks
   (+2).
   It protects you from cold.
   It protects you from negative energy.
   It makes you more stealthy.
 c - a +1 helmet (worn)
 i - a +0 buckler (worn)
 t - a +0 pair of boots (worn)
 v - a +0 chain mail of fire resistance
 y - a +0 cloak (worn)
Jewellery
 g - an uncursed ring of flight
 p - a ring of protection from cold (right hand)
 x - a ring of resist corrosion (left hand)
Wands
 o - a wand of acid (14)
 E - a wand of disintegration (23)
 G - a wand of digging (5)
 H - a wand of flame (35)
Scrolls
 b - a scroll of fear
 e - 7 scrolls of teleportation
 j - 8 scrolls of remove curse
 k - 6 scrolls of identify
 s - 2 scrolls of immolation
 I - 2 scrolls of blinking {unknown}
Potions
 h - 4 potions of brilliance
 m - 3 potions of mutation
 q - 7 potions of curing
 z - a potion of invisibility
 A - 5 potions of haste
 C - 2 potions of flight
 D - a potion of lignification
Comestibles
 f - 25 rations


   Skills:
 + Level 13.6 Fighting
 + Level 17.3 Polearms
 - Level 2.0 Throwing
 + Level 5.2 Dodging
 + Level 2.1 Shields


You had 10 spell levels left.
You didn't know any spells.
Your spell library contained the following spells:

 Spells                   Type           Power        Failure   Level  Hunger
 Foxfire                  Conj/Fire      #...         71%         1    ##.....
 Infusion                 Chrm           #...         71%         1    ##.....
 Magic Dart               Conj           #...         71%         1    ##.....
 Shock                    Conj/Air       #...         71%         1    ##.....
 Blink                    Tloc           N/A          85%         2    ###....
 Call Imp                 Summ           #.......     85%         2    ###....
 Shroud of Golubria       Chrm/Tloc      #.....       85%         2    ###....
 Slow                     Hex            #.......     85%         2    ###....
 Song of Slaying          Chrm           #.......     85%         2    ###....
 Swiftness                Chrm/Air       #.......     85%         2    ###....
 Conjure Flame            Conj/Fire      #.......     97%         3    ####...
 Inner Flame              Hex/Fire       #.......     97%         3    ####...
 Mephitic Cloud           Conj/Pois/Air  #.......     97%         3    ####...
 Ozocubu's Armour         Chrm/Ice       #.......     97%         3    ####...
 Spectral Weapon          Hex/Chrm       #.......     97%         3    ####...
 Static Discharge         Conj/Air       #.......     97%         3    ####...
 Airstrike                Air            #.........   100%        4    #####..
 Sticky Flame             Conj/Fire      #.......     100%        4    #####..
 Fireball                 Conj/Fire      #.........   100%        5    ######.
 Lightning Bolt           Conj/Air       #.........   100%        5    ######.


Dungeon Overview and Level Annotations

Branches:
Dungeon (11/15)            Temple (1/1) D:6            Lair (0/6) D:8
    Orc (0/2) D:9         Ossuary (visited)           IceCv (1/1)

Altars:
Ashenzari
Cheibriados
Dithmenos
Elyvilon
Fedhas
Gozag
Hepliaklqana
Kikubaaqudgha
Nemelex Xobeh
Okawaru
Qazlal
Ru
Sif Muna
Trog
Uskayaw
Vehumet
Wu Jian
Xom
Yredelemnul
Zin
The Shining One

Shops:
D:5 (   D:6 [   D:9 (


Message History

You hit the reaper.
The reaper is severely wounded.
The reaper hits you with a +2 scythe of freezing!!!
The reaper freezes you.
You hit the reaper but do no damage.
The reaper is severely wounded.
You hit the reaper but do no damage.
The reaper is severely wounded.
The reaper hits you with a +2 scythe of freezing!!
* * * LOW HITPOINT WARNING * * *
The reaper freezes you.
* * * LOW HITPOINT WARNING * * *
You puncture the reaper!
The reaper is severely wounded.
You hit the reaper.
The reaper is almost dead.
You puncture the reaper!
The reaper is almost dead.
The reaper hits you with a +2 scythe of freezing!
You die...

## §§§☼..#....☼..§§§.
#.§ ##§..2..##§§§☼§☼
#§§☼ ###......##☼§§§§.4
#§§☼.#........#.§§§°°°#
#§.☼..##..####§§§.°☼#
###....##.....§§§☼# #
###.........§.## ###
####.......## ≈§###
######2@.### §☼..####
###...##
○......###########...##
..#.........##..[##...##
.###.#...........[###..#
## ######..##.....##...#
# #...##....####..##
#...###.###...###
##....###....##


You could see a reaper.

Vanquished Creatures
  2 two-headed ogres
  2 ice statues (IceCv)
  2 centaur skeletons (D:10)
  Maggie (D:9)
  8 ice devils (IceCv)
  3 hippogriffs
  Sigmund (D:6)
  Eustachio (D:5)
  A wyvern (D:10)
  Grum (D:8)
  Menkaure (D:5)
  Edmund (D:5)
  Duvessa (D:5)
  2 ice beasts
  2 orc warriors
  A phantom (D:7)
  A sky beast (D:9)
  A necrophage (D:8)
  2 wolves
  8 ogres
  4 centaurs
  2 big kobolds
  6 bullfrogs
  Blork the orc (D:5)
  Dowan (D:5)
  5 scorpions
  13 killer bees
  9 wights
  4 crimson imps
  A centaur zombie (D:10)
  2 bullfrog zombies (D:7)
  2 hounds (D:8)
  A jelly (D:8)
  Crazy Yiuf (D:6)
  8 orc priests
  A bullfrog skeleton (D:10)
  2 iguanas
  12 orc wizards
  8 worker ants
  8 big kobold zombies (Ossuary)
  A hound zombie (D:8)
  A mummy (Ossuary)
  8 adders
  3 shadow imps
  19 white imps
  6 ufetubi (IceCv)
  An ooze (D:2)
  3 adder zombies
  An adder skeleton (D:9)
  4 worms
  7 leopard geckos
  40 orcs
  2 spectral bats (Ossuary)
  4 giant cockroaches
  4 gnoll zombies (Ossuary)
  6 goblins
  6 hobgoblins
  20 jackals
  3 quokkas
  2 ball pythons
  8 bats
  4 bat simulacra (Ossuary)
  6 frilled lizards
  4 goblin simulacra (Ossuary)
  7 goblin zombies (Ossuary)
  5 hobgoblin zombies (Ossuary)
  A jackal skeleton (D:4)
  17 kobolds
  A kobold simulacrum (Ossuary)
  2 kobold zombies (Ossuary)
  A leopard gecko zombie (D:7)
  4 orc zombies (Ossuary)
  5 rats
  4 spectral goblins (Ossuary)
  A spectral kobold (Ossuary)
  4 spectral rats (Ossuary)
348 creatures vanquished.

Vanquished Creatures (others)
  Pikel (D:6)
  3 white imps (IceCv)
  2 ufetubi (IceCv)
  A jackal (D:6)
7 creatures vanquished.

Grand Total: 355 creatures vanquished

Notes
Turn   | Place    | Note
-------+----------+-------------------------------------------
     0 | D:1      | Faca the Merfolk Gladiator began the quest for the Orb.
     0 | D:1      | Reached XP level 1. HP: 16/16 MP: 1/1
   231 | D:1      | Reached XP level 2. HP: 23/23 MP: 2/2
   447 | D:1      | Reached skill level 5 in Polearms
   736 | D:2      | Found a radiant altar of Vehumet.
   793 | D:1      | Reached XP level 3. HP: 4/29 MP: 3/3
  1508 | D:2      | Reached XP level 4. HP: 28/36 MP: 4/4
  1925 | D:3      | Reached skill level 6 in Polearms
  2255 | D:3      | Found a shadowy altar of Dithmenos.
  2260 | D:3      | Found a shattered altar of Ashenzari.
  2679 | D:3      | Found an ornate altar of the Wu Jian Council.
  2802 | D:4      | Noticed an ogre
  2811 | D:4      | Killed an ogre
  2811 | D:4      | Reached skill level 7 in Polearms
  2811 | D:4      | Reached XP level 5. HP: 21/43 MP: 5/5
  3091 | D:4      | Reached skill level 5 in Fighting
  3091 | D:4      | Reached XP level 6. HP: 48/51 MP: 6/6
  3130 | D:4      | Found a sparkling altar of Nemelex Xobeh.
  3173 | D:4      | Found a sand-covered staircase.
  3471 | D:4      | Reached skill level 8 in Polearms
  3691 | D:4      | Found an opulent altar of Gozag.
  3717 | D:5      | Entered Level 5 of the Dungeon
  3745 | D:5      | Noticed Eustachio
  3758 | D:5      | Noticed Menkaure
  3770 | D:5      | Killed Menkaure
  3770 | D:5      | Reached XP level 7. HP: 4/58 MP: 7/7
  4083 | D:5      | Noticed Edmund
  4083 | D:5      | Noticed Blork the orc
  4127 | D:5      | Killed Edmund
  4127 | D:5      | Reached skill level 9 in Polearms
  4142 | D:5      | Killed Blork the orc
  4269 | D:5      | Found Inoruh's Antique Weapon Shop.
  4432 | D:5      | Noticed Dowan
  4434 | D:5      | Noticed Duvessa
  4534 | D:5      | Killed Duvessa
  4534 | D:5      | Reached XP level 8. HP: 53/67 MP: 8/8
  4542 | D:5      | Killed Dowan
  4542 | D:5      | Reached skill level 10 in Polearms
  4737 | D:5      | Found a glowing golden altar of the Shining One.
  4912 | D:5      | Killed Eustachio
  5054 | D:6      | Noticed Sigmund
  5075 | D:6      | Killed Sigmund
  5265 | D:6      | Noticed Pikel
  5298 | D:6      | Killed Pikel
  5298 | D:6      | Reached skill level 11 in Polearms
  5705 | D:6      | Reached XP level 9. HP: 38/75 MP: 9/9
  5878 | D:6      | Found a shimmering blue altar of Sif Muna.
  5911 | D:6      | Reached skill level 12 in Polearms
  5984 | D:6      | Found a staircase to the Ecumenical Temple.
  5990 | Temple   | Entered the Ecumenical Temple
  6005 | Temple   | Became a worshipper of Warmaster Okawaru
  6089 | D:6      | Found Tomamor's Antique Armour Emporium.
  6133 | D:6      | Found a runed translucent door.
  6134 | D:6      | Noticed Crazy Yiuf
  6787 | D:6      | Killed Crazy Yiuf
  7198 | D:7      | Reached * piety under Okawaru
  7198 | D:7      | Reached skill level 10 in Fighting
  7198 | D:7      | Reached skill level 13 in Polearms
  7762 | D:7      | Found a snail-covered altar of Cheibriados.
  7903 | D:7      | Reached XP level 10. HP: 80/86 MP: 8/10
  8272 | D:7      | Reached skill level 14 in Polearms
  8395 | D:8      | Reached ** piety under Okawaru
  8407 | D:8      | Noticed a two-headed ogre
  8421 | D:8      | Killed a two-headed ogre
  8448 | D:8      | Found a sand-covered staircase.
  8493 | Ossuary  | Entered an ossuary
  9292 | D:8      | Reached *** piety under Okawaru
  9294 | D:8      | Noticed Grum
  9424 | D:8      | Killed Grum
  9424 | D:8      | Reached skill level 15 in Polearms
  9426 | D:8      | Found a staircase to the Lair.
  9601 | D:8      | Found a glowing golden altar of the Shining One.
  9980 | D:8      | Got a polished ring mail
  9991 | D:8      | Identified the +3 ring mail "Guvvuifo" {rC+ rN+ Slay+2
                  | Stlth+} (You found it on level 8 of the Dungeon)
 10170 | D:8      | Found a shimmering altar of Xom.
 10284 | D:9      | Reached **** piety under Okawaru
 10744 | D:9      | Noticed a two-headed ogre
 10752 | D:9      | Killed a two-headed ogre
 10752 | D:9      | Received a gift from Okawaru
 10752 | D:9      | Reached skill level 16 in Polearms
 10752 | D:9      | Reached XP level 11. HP: 55/96 MP: 11/11
 10981 | D:9      | Found a shimmering blue altar of Sif Muna.
 11065 | D:9      | Found Risem's Antique Weapon Shop.
 11168 | D:9      | Noticed Maggie
 11185 | D:9      | Killed Maggie
 11415 | D:9      | Found a staircase to the Orcish Mines.
 11931 | D:10     | Entered Level 10 of the Dungeon
 12547 | D:10     | Identified the +2 ring mail of Daffodils {rC+ Str+2 Int-4}
                  | (You found it on level 10 of the Dungeon)
 12754 | D:11     | Found a frozen archway.
 12755 | D:11     | Noticed a cyclops
 12795 | IceCv    | Entered an ice cave
 13063 | IceCv    | Reached skill level 17 in Polearms
 13142 | IceCv    | Reached ***** piety under Okawaru
 13344 | IceCv    | Reached skill level 1 in Shields
 13371 | IceCv    | Received a gift from Okawaru
 13472 | IceCv    | Reached skill level 5 in Dodging
 13714 | IceCv    | Noticed a reaper
 13748 | IceCv    | HP: 4/99 [reaper/+2 scythe of freezing (27)]
 13751 | IceCv    | Mangled by a reaper

Levels and vault maps discovered:
D:1:      ebering_hopf_link, layout_basic, minmay_octomino_e4
D:2:      layout_rooms, vehumet_crystals, hangedman_abyss_or_decor_stabs
D:3:      layout_rooms, lemuel_round_altar, minitemple,
          kennysheep_cluttered_room
D:4:      layout_rooms, marbit_many_paths, nicolae_ossuary_entry_ruins,
          first_ration, chequers_serial_rivers_micro_d,
          nemelex_diamond_rough_becter
D:5:      layout_loops_cross, lemuel_round_altar, serial_shops, shop_statue,
          uniq_eustachio, uniq_edmund, uniq_menkaure, uniq_blork_the_orc,
          uniq_duvessa
D:6:      kennysheep_orc_sif_temple, layout_loops_corners,
          minmay_temple_entry_overgrown, serial_shops, shop_fountains,
          uniq_pikel, uniq_crazy_yiuf_cottage, uniq_sigmund
D:7:      layout_basic, cheibriados_altar_1
D:8:      layout_loops_ring, lemuel_round_altar, lair_entry_dummy,
          enter_ossuary_5, basic_altar, grunt_ogre_cave, uniq_grum
D:9:      layout_layer_cave, lemuel_doored_altar, orc_0_dummy, serial_shops,
          shop, uniq_maggie
D:10:     layout_gridville
D:11:     layout_rooms, portal_ice_cave_entry_imps,
          ploomutoo_gammafunk_ghost_potion_laboratory
Temple:   cyrus_circular_temple
IceCv:    ice_cave_small_demon

Skill      XL: |  1  2  3  4  5  6  7  8  9 10 11 |
---------------+----------------------------------+-----
Polearms       | 5 7 8 9 11 13 16 17 | 17.3
Fighting       | 3 4 5 6 7 8 10 12 13 | 13.6
Shields        | 2 |  2.1
Dodging        | 5 |  5.2
Throwing       | |  2.0

Action                   |  1- 3 |  4- 6 |  7- 9 | 10-12 || total
-------------------------+-------+-------+-------+-------++-------
Melee: Trident           |   124 |   222 |   494 |   667 ||  1507
Throw: Throwing net      |       |       |       |     1 ||     1
       Boomerang         |       |       |       |     1 ||     1
Invok: Heroism           |       |       |     1 |     1 ||     2
Evoke: Wand              |       |       |     3 |       ||     3
  Use: Scroll            |     6 |     5 |     3 |     7 ||    21
       Potion            |       |       |       |     2 ||     2
 Stab: Sleeping          |     3 |       |       |     8 ||    11
       Paralysed         |       |       |     2 |       ||     2
       Distracted        |       |       |     1 |       ||     1
       Held in net/web   |       |       |       |     3 ||     3
  Eat: Chunk             |     2 |     7 |    14 |    13 ||    36
       Ration            |       |       |       |     2 ||     2
Armor: Leather armour    |    29 |     2 |       |       ||    31
       Ring mail         |       |    90 |   150 |   161 ||   401
       Scale mail        |       |    12 |       |       ||    12
Dodge: Dodged            |    83 |   101 |   183 |   211 ||   578
Block: Buckler           |       |    14 |    67 |    50 ||   131

Table legend:
 A = Non-vault XP
 B = Vault XP
 C = Vault XP percentage of total XP
 D = Non-vault monster count
 E = Vault monster count
 F = Vault count percentage of total count
                 A         B        C        D         E       F
            +---------+---------+-------+---------+---------+-------
      Total |    9959 |    6750 |  40.4 |     243 |     106 |  30.4
            +---------+---------+-------+---------+---------+-------
        D:1 |      21 |       2 |   8.7 |      13 |       1 |   7.1
        D:2 |      71 |       0 |   0.0 |      27 |       0 |   0.0
        D:3 |     112 |       0 |   0.0 |      25 |       0 |   0.0
        D:4 |     295 |       2 |   0.7 |      21 |       1 |   4.5
        D:5 |     308 |     872 |  73.9 |      14 |       6 |  30.0
        D:6 |     394 |     841 |  68.1 |      20 |       7 |  25.9
        D:7 |    1893 |     121 |   6.0 |      40 |       1 |   2.4
        D:8 |    2766 |     412 |  13.0 |      39 |       3 |   7.1
        D:9 |    1837 |     385 |  17.3 |      25 |       1 |   3.8
       D:10 |    2262 |       0 |   0.0 |      19 |       0 |   0.0
       D:11 |       0 |     124 | 100.0 |       0 |      12 | 100.0
    Ossuary |       0 |     275 | 100.0 |       0 |      51 | 100.0
      IceCv |       0 |    3716 | 100.0 |       0 |      23 | 100.0
            +---------+---------+-------+---------+---------+-------
